omghax, neutral male scurrid Tourist }}}}}}}}}}}}}}}}}}}}}}}}}}}}}}}}}}}}}}}}}}}}} }}}}}}}}}}}}}}}}}}}}}}}}}}}}}}}}}}}}}}}}}}} }};}}}}}}.}}}}}}.....}}}}}}}}}}}}}}}}}}} }}}}}}}....}}}}}....}}}}}}}}}}}}}}}}} }...}}}}}}}}}}}....}}}..}}}}}}}}}}} }...}}}}}}}}}}.`..}}}}..}}}}}}}} }...}}}}}}}}}}}}}}}}}}}}}}}}}}- }...}}}}}}}}}}}}}}}}}}}}}}}}}.| }.Q..}}}}}.M.}}}}}}}}}}}}}}..%----- }.....}}}}}.}}}}}}}}}}}}}}}.......| }....}}}}}}}}}}}}}}}}}}}}}}...n.. }....}}}}}}}}}}}}}}}}}}}}}}...- }.....}}}}}}}}}}}}}}}}}}}}}}}.| }}}}}}}}}} }......}}}}}}}}}}}}}}}}}}}}}}}----------------- }}}}}}}}}}}}...}}}}}}} }....<..}}}}}}}...}}}}}}}}}}}}}}}}}.P...Q.}}}}}}}}}}`.}}}}}}}}}......}}}}}} }.....}}}}}}}}}}..P..}}}}}}}}}}}}}}H}}}}}}}}}}}}}}}.....}}}}}}..}}}.}}}}}}} }}}.}}}}}}}}}}}}}?...`}}}}}}}}}}}}}}}}}}}}}}}}}}}}}}..}}}}}}}}}}}/}}}}}}}}} }}@}}}}}}}}}}}}}}?...}}}}}}}}}}}}}}}}}}}}}}}..}}..}}}}}}}}}}}}}}}}}}}}}}}}} }}}}}}}}}}}}}}}}}}}}}}}}}}}}}}}}}}}}}}}}}}}}}}}}}}}}}}}}}}}}}}}}}}}}}}}}}}} }}}}}}}}}}}}}}}}}}}}}}}}}}}}}}}}}}}}}}}}}}}}}}}}}}}}}}}}}}}}}}}}}}}}}}}}}}} omghax the Rambler Experience level: 1 Strength: 14 Dexterity: 11 Constitution: 12 Intelligence: 15 Wisdom: 7 Charisma: 16 Health: 9(9) Energy: 2(2) Def: 0 Gold: 120 Moves: 58 Dungeon seed: dbEOybDckaL5QbL5 Game ID: omghax_1498612023 Your Inventory: Coins $ - 120 gold pieces Weapons a - 52 uncursed rusty +2 darts (in quiver) Armor e - an uncursed +0 Hawaiian shirt (being worn) Comestibles b - 2 uncursed young gray dragon eggs c - 2 uncursed tripe rations d - 3 uncursed food rations f - an uncursed tin of newt meat g - an uncursed tin of baby black dragon meat h - 3 uncursed fortune cookies i - an uncursed tin of lichen Scrolls k - 4 uncursed scrolls of blank paper Potions j - 2 uncursed diluted potions of extra healing Wands n - a blessed wand of secret door detection (0:14) Tools l - an uncursed expensive camera (0:61) m - an uncursed credit card o - an uncursed rusty tin opener Spells and supernatural/magical abilities: Name Level Category Fail Memory W - pray for help -- divine ? -- Your skills at the end: Miscellaneous Skills wands [Basic] Weapon Skills dart [Basic] Spellcasting Skills Final Attributes: You were devoutly aligned. You had infravision. You were very stealthy. You survived. Vanquished creatures: a Mordor orc Voluntary challenges: You went without food. You did not adorn yourself with jewelry or accessories. You did not cause conflict. You were not invisible. You did not have reflection. You were not displaced. You were an atheist. You never hit with a wielded weapon. You were a pacifist. You did not use tools. You did not use plumbed fixtures. You did not drink any magical draughts. You were illiterate. You never genocided any monsters. You never polymorphed an object. You never changed form. You used no wishes. You never split a pudding. You never wrote Elbereth's name. You never violated your personal moral code. Dungeon overview: The Dungeons of Doom: levels 1 to 23 Level 1 a long staircase Level 2 Level 3 Level 4 Level 5 an altar to Blind Io Level 6 Level 7 Level 8 Level 9 Level 10 a fountain Level 11 Level 12 Level 13 Level 14 Level 15 Level 16 Level 17 Level 18 Level 19 Level 20 Level 21 Level 22 Level 23 <- You were here History has recorded: On T:1 you entered the Dungeons of Doom to retrieve the Amulet of Yendor! On T:5 you reached level 2 of The Dungeons of Doom. On T:7 you reached level 3 of The Dungeons of Doom. On T:10 you reached level 4 of The Dungeons of Doom. On T:12 you reached level 5 of The Dungeons of Doom. On T:14 you reached level 6 of The Dungeons of Doom. On T:16 you reached level 7 of The Dungeons of Doom. On T:19 you reached level 8 of The Dungeons of Doom. On T:21 you reached level 9 of The Dungeons of Doom. On T:23 you reached level 10 of The Dungeons of Doom. On T:27 you reached level 11 of The Dungeons of Doom. On T:29 you reached level 12 of The Dungeons of Doom. On T:31 you reached level 13 of The Dungeons of Doom. On T:34 you reached level 14 of The Dungeons of Doom. On T:36 you reached level 15 of The Dungeons of Doom. On T:38 you reached level 16 of The Dungeons of Doom. On T:38 you entered the Rogue tribute level. On T:40 you reached level 17 of The Dungeons of Doom. On T:43 you reached level 18 of The Dungeons of Doom. On T:45 you reached level 19 of The Dungeons of Doom. On T:49 you reached level 20 of The Dungeons of Doom. On T:51 you reached level 21 of The Dungeons of Doom. On T:53 you reached level 22 of The Dungeons of Doom. On T:55 you reached level 23 of The Dungeons of Doom. Score breakdown: Gold: 0 ( 0 points) Experience: 1 level ( 0 points) Exploration: 23 levels ( 660 points) Discoveries: 1 item ( 50 points) Variety of kills: 1 monster ( 50 points) Major goal: (nothing yet) ( 0 points) Survival: quit (score multiplied by 3) Total score: 2280 Latest messages: You dig a pit in the floor. You continue digging downward. You dig a hole through the floor. You fall through... You start digging downward. You continue digging downward. You dig a pit in the floor. You continue digging downward. You dig a hole through the floor. You fall through... You start digging downward. You continue digging downward. As you dig, the hole fills with water! You fall into the water! You sink like a rock. Your darts rust! Your tin opener rusts! You try to crawl out of the water. Pheew! That was close. The elf-lord throws a runed spear! You are almost hit by a runed spear. That command is only available in debug mode. Final status: Aloha omghax the Tourist, quit... You quit in The Dungeons of Doom on dungeon level 23 with 2280 points, and 120 pieces of gold, after 58 moves. You were level 1 with a maximum of 9 hit points when you quit.